 Dungeon Sprint DCSS version 0.29.1-15-g9cfb28693d (webtiles) character file.

Game seed: 1676504359654265315

23248 boopmooplesden the Pulveriser (level 12, -2/134 HPs)
             Began as a Minotaur Gladiator on Mar 10, 2023.
             Was the Champion of Trog.
             Slain by a stone giant (25 damage)
             ... in the Dungeon (Sprint IX: "|||||||||||||||||||||||||||||").
             The game lasted 00:06:05 (2915 turns).

boopmooplesden the Pulveriser (Minotaur Gladiator)  Turns: 2915, Time: 00:06:06

Health: -2/134     AC: 22    Str: 23    XL:     12   Next: 70%
Magic:  11/11      EV: 13    Int: 11    God:    Trog [******]
Gold:   1790       SH:  0    Dex: 13    Spells: 11/11 levels left

rFire   . . .      SeeInvis .   y - +6 lajatang (flame)
rCold   . . .      Faith    .   (shield currently unavailable)
rNeg    . . .      Spirit   .   q - +0 plate armour
rPois   .          Reflect  .   c - +0 hat
rElec   .          Harm     .   w - +0 cloak
rCorr   .          Rampage  .   o - +0 pair of gloves
Will    .....      NoTele   +   p - +0 pair of boots
Stlth   ..........              (no amulet)
HPRegen 0.32/turn               r - +3 ring of intelligence
MPRegen 0.12/turn               s - +3 ring of intelligence

@: on berserk cooldown, slowed, very slow
A: horns 2, retaliatory headbutt
a: Renounce Religion, Berserk, Trog's Hand, Brothers in Arms


You were in the Dungeon.
You worshipped Trog.
Trog was exalted by your worship.
You visited 1 branch You collected 1790 gold pieces.

Inventory:

Hand Weapons
 n - a +4 quarterstaff of speed
 y - a +6 lajatang of flaming (weapon)
Missiles
 d - 2 throwing nets (quivered)
 e - a javelin
Armour
 b - a +0 leather armour
 c - a +0 hat (worn)
 o - a +0 pair of gloves (worn)
 p - a +0 pair of boots (worn)
 q - a +0 plate armour (worn)
 w - a +0 cloak (worn)
 x - a +0 pair of boots
Jewellery
 a - a ring of fire
 r - a +3 ring of intelligence (left hand)
 s - a +3 ring of intelligence (right hand)
 v - a ring of fire
 z - a ring of poison resistance
 A - a ring of protection from cold
Wands
 m - a wand of acid (10)
Scrolls
 k - 7 scrolls of blinking
 B - 2 scrolls of enchant weapon
 C - 2 scrolls of identify
Potions
 f - 4 potions of curing
 g - a potion of invisibility
 h - 3 potions of haste
 i - 4 potions of magic
 j - a potion of might
 l - a potion of heal wounds
 u - a potion of berserk rage
Miscellaneous
 t - a box of beasts


   Skills:
 + Level 20.9 Fighting
 + Level 23.8 Staves
 + Level 6.2 Throwing
 + Level 15.9 Armour
 + Level 15.5 Dodging


You had 11 spell levels left.
You didn't know any spells.
Your spell library was empty.

Dungeon Overview and Level Annotations

Branches:
Dungeon (1/1)

Altars:
Cheibriados
Dithmenos
Elyvilon
Fedhas
Gozag
Hepliaklqana
Kikubaaqudgha
Makhleb
Nemelex Xobeh
Okawaru
Qazlal
Ru
Sif Muna
Trog
Uskayaw
Vehumet
Wu Jian
Xom
Yredelemnul
Zin
The Shining One
Jiyva
Lugonu

Shops:
D !([(


Innate Abilities, Weirdness & Mutations

You have a pair of horns on your head.
You reflexively headbutt those who attack you in melee.


Message History

Trog accepts your kill.
The necromancer simulacrum barely misses you.
You furiously retaliate!
You headbutt the necromancer simulacrum!
A stone giant comes into view.
The stone giant shouts!
The stone giant closely misses you.
You see here an ugly thing corpse.
You slash the stone giant! You burn the stone giant.
You headbutt the stone giant.
The stone giant is moderately wounded.
You slice the stone giant!! You burn the stone giant.
You headbutt the stone giant!
The stone giant is severely wounded.
The stone giant hits you.
* * * LOW HITPOINT WARNING * * *
You cut the stone giant into ribbons!!! You burn the stone giant!
You kill the stone giant!
Trog accepts your kill. Trog grants you a weapon!
Something appears at your feet!
You see here a +2 quarterstaff.
The necromancer simulacrum barely misses you.
You furiously retaliate!
You headbutt the necromancer simulacrum.
You open the necromancer simulacrum like a pillowcase!!!
You melt the necromancer simulacrum!
The necromancer simulacrum vaporises!
The stone giant throws a large rock.
The large rock closely misses you.
Things that are here:
4 large rocks; a stone giant corpse You feel a strong urge to attack something.
You are no longer berserk.
You are exhausted.
You feel yourself slow down.
The stone giant hits you but does no damage.
You slice the stone giant!! You burn the stone giant!
You headbutt the stone giant, but do no damage.
The stone giant is moderately wounded.
The stone giant hits you!!
You die...

....'...[[...'.![....††...†.....†
.▓▓▓▓▓▓▓▓▓▓▓▓▓▓▓▓▓▓▓▓▓▓▓▓▓▓▓▓▓▓▓▓
...............))................
▓▓▓▓▓▓▓▓▓▓▓▓▓▓▓▓▓▓▓▓▓▓▓▓▓▓▓▓▓▓▓▓▓
.........'.....∩.∩)∩)∩.))))).....
.▓▓▓▓▓▓▓▓▓▓▓▓▓▓▓▓▓▓▓▓▓▓▓▓▓▓▓▓▓▓▓▓
.................................
▓▓▓▓▓▓▓▓▓▓▓▓▓▓▓▓▓▓▓▓▓▓▓▓▓▓▓▓▓▓▓▓▓
+.....C@.()))())').....!
▓▓▓▓▓▓▓▓▓▓▓▓▓▓▓▓▓▓▓▓▓▓▓▓


You could see a stone giant.

Vanquished Creatures
  A frost giant (D)
  A stone giant (D)
  3 hydras (D)
  3 ogre magi (D)
  A centaur warrior (D)
  2 tengu warriors (D)
  7 two-headed ogres (D)
  Sonja (D)
  2 necromancers (D)
  A deep elf pyromancer (D)
  2 ugly things (D)
  2 cyclopes (D)
  A manticore (D)
  An elephant (D)
  A gargoyle (D)
  A black mamba (D)
  A cane toad (D)
  3 komodo dragons (D)
  An unseen horror (D)
  4 polar bears (D)
  A blink frog (D)
  2 wraiths (D)
  3 yaks (D)
  3 basilisks (D)
  11 orc warriors (D)
  4 black bears (D)
  A wolf (D)
  4 ogres (D)
  A centaur (D)
  A gnoll sergeant (D)
  A scorpion (D)
  A hound (D)
  3 orc priests (D)
  An iguana (D)
  5 orc wizards (D)
  A gnoll (D)
  An adder (D)
  8 orcs (D)
  An endoplasm (D)
  2 frilled lizards (D)
  A kobold (D)
95 creatures vanquished.

Vanquished Creatures (collateral kills)
  An ogre mage (D)
  A cyclops (D)
  A black mamba (D)
  2 cane toads (D)
  A water moccasin (D)
6 creatures vanquished.

Grand Total: 101 creatures vanquished

Notes
Turn   | Place    | Note
-------+----------+-------------------------------------------
     0 | D        | boopmooplesden the Minotaur Gladiator began the quest for
                  | the Orb.
     0 | D        | Reached XP level 1. HP: 18/18 MP: 0/0
    11 | D        | Reached skill level 4 in Staves
    11 | D        | Reached XP level 2. HP: 6/25 MP: 1/1
    14 | D        | Reached skill level 5 in Staves
    22 | D        | Noticed a scorpion
    28 | D        | Reached skill level 6 in Staves
    28 | D        | Reached skill level 5 in Dodging
    28 | D        | Reached XP level 3. HP: 26/31 MP: 2/2
    32 | D        | Killed a scorpion
    33 | D        | Reached skill level 8 in Staves
    33 | D        | Reached XP level 4. HP: 35/41 MP: 3/3
    45 | D        | Reached XP level 5. HP: 40/47 MP: 4/4
    50 | D        | Found a snail-covered altar of Cheibriados.
    50 | D        | Found a shadowy altar of Dithmenos.
    50 | D        | Found a white marble altar of Elyvilon.
    50 | D        | Found a blossoming altar of Fedhas.
    50 | D        | Found an opulent altar of Gozag.
    51 | D        | Found a hazy altar of Hepliaklqana.
    52 | D        | Found a viscous altar of Jiyva.
    53 | D        | Found an ancient bone altar of Kikubaaqudgha.
    54 | D        | Found a corrupted altar of Lugonu.
    55 | D        | Found a burning altar of Makhleb.
    56 | D        | Found a sparkling altar of Nemelex Xobeh.
    57 | D        | Found an iron altar of Okawaru.
    58 | D        | Found a stormy altar of Qazlal.
    59 | D        | Found a sacrificial altar of Ru.
    60 | D        | Found a shimmering blue altar of Sif Muna.
    61 | D        | Found a bloodstained altar of Trog.
    62 | D        | Found a hide-covered altar of Uskayaw.
    63 | D        | Found a radiant altar of Vehumet.
    64 | D        | Found an ornate altar of the Wu Jian Council.
    65 | D        | Found a shimmering altar of Xom.
    66 | D        | Found a basalt altar of Yredelemnul.
    67 | D        | Found a glowing silver altar of Zin.
    68 | D        | Found a glowing golden altar of the Shining One.
    71 | D        | Became a worshipper of Trog the Wrathful
   112 | D        | Noticed a centaur
   112 | D        | Noticed a wraith
   112 | D        | Noticed an orc warrior
   112 | D        | Noticed a gargoyle
   120 | D        | Killed a gargoyle
   121 | D        | Reached skill level 12 in Staves
   121 | D        | Reached XP level 6. HP: 19/58 MP: 5/5
   124 | D        | Killed an orc warrior
   125 | D        | Reached XP level 7. HP: 8/66 MP: 6/6
   130 | D        | Reached * piety under Trog
   131 | D        | Reached skill level 13 in Staves
   134 | D        | Killed a wraith
   135 | D        | Reached skill level 10 in Dodging
   138 | D        | Reached skill level 14 in Staves
   141 | D        | Killed an unseen horror
   141 | D        | Reached ** piety under Trog
   142 | D        | Reached skill level 5 in Throwing
   142 | D        | Reached XP level 8. HP: 11/75 MP: 7/7
   542 | D        | Noticed a manticore
   542 | D        | Noticed a cyclops
   542 | D        | Noticed an eight-headed hydra
   542 | D        | Noticed a two-headed ogre
   547 | D        | Killed a two-headed ogre
   548 | D        | Reached skill level 16 in Staves
   551 | D        | Killed an eight-headed hydra
   552 | D        | Reached skill level 10 in Fighting
   552 | D        | Reached skill level 17 in Staves
   552 | D        | Reached XP level 9. HP: 86/86 MP: 8/8
   555 | D        | Killed a cyclops
   556 | D        | Reached skill level 5 in Armour
   559 | D        | Reached *** piety under Trog
   567 | D        | Killed a manticore
   568 | D        | Reached skill level 18 in Staves
   841 | D        | Noticed a black mamba
   841 | D        | Noticed a six-headed hydra
   843 | D        | Noticed a cane toad
   847 | D        | Killed a six-headed hydra
   848 | D        | Noticed a cane toad
   854 | D        | Reached **** piety under Trog
   855 | D        | Reached XP level 10. HP: 59/99 MP: 9/9
   858 | D        | Noticed a black mamba
   876 | D        | Killed a black mamba
   877 | D        | Reached skill level 19 in Staves
   885 | D        | HP: 5/101 [cane toad (16)]
   888 | D        | Killed a cane toad
   889 | D        | Killed a cane toad
   890 | D        | Killed a black mamba
  1405 | D        | Noticed an elephant
  1405 | D        | Noticed a seven-headed hydra
  1405 | D        | Noticed a cane toad
  1412 | D        | Killed a cane toad
  1413 | D        | Reached skill level 20 in Staves
  1421 | D        | Killed a seven-headed hydra
  1421 | D        | Reached ***** piety under Trog
  1426 | D        | Killed an elephant
  1427 | D        | Reached skill level 15 in Fighting
  1438 | D        | Reached XP level 11. HP: 88/113 MP: 10/10
  1537 | D        | Reached skill level 21 in Staves
  1539 | D        | Received a gift from Trog
  1660 | D        | Noticed Sonja
  1670 | D        | Killed Sonja
  1670 | D        | Reached ****** piety under Trog
  1670 | D        | Received a gift from Trog
  1849 | D        | Received a gift from Trog
  1858 | D        | Received a gift from Trog
  1909 | D        | Received a gift from Trog
  1920 | D        | Reached skill level 10 in Armour
  2166 | D        | Found Adupp's Antique Weapon Boutique.
  2166 | D        | Noticed a two-headed ogre
  2166 | D        | Noticed a two-headed ogre
  2166 | D        | Noticed a two-headed ogre
  2166 | D        | Noticed a two-headed ogre
  2167 | D        | Noticed an ogre mage
  2172 | D        | Killed a two-headed ogre
  2172 | D        | Received a gift from Trog
  2173 | D        | Found Heirieni's Antique Armour Shop.
  2175 | D        | Killed a two-headed ogre
  2176 | D        | Reached skill level 15 in Dodging
  2178 | D        | Killed a two-headed ogre
  2179 | D        | Reached skill level 22 in Staves
  2179 | D        | Killed a two-headed ogre
  2180 | D        | Found Ureptuix's Antique Weapon Boutique.
  2185 | D        | Killed an ogre mage
  2186 | D        | Noticed an ogre mage
  2186 | D        | Noticed a two-headed ogre
  2187 | D        | Found Dawkiud's Distillery.
  2187 | D        | Noticed a two-headed ogre
  2191 | D        | Noticed an ogre mage
  2193 | D        | Killed an ogre mage
  2196 | D        | Killed a two-headed ogre
  2197 | D        | Killed a two-headed ogre
  2197 | D        | Received a gift from Trog
  2198 | D        | Reached XP level 12. HP: 56/130 MP: 11/11
  2203 | D        | Killed an ogre mage
  2817 | D        | Noticed a tengu warrior
  2817 | D        | Noticed an ogre mage
  2817 | D        | Noticed a centaur warrior
  2823 | D        | Noticed a tengu warrior
  2838 | D        | Killed a centaur warrior
  2841 | D        | Noticed a frost giant
  2843 | D        | Killed an ogre mage
  2843 | D        | Received a gift from Trog
  2844 | D        | Reached skill level 23 in Staves
  2851 | D        | Killed a frost giant
  2852 | D        | Killed a tengu warrior
  2874 | D        | Killed a tengu warrior
  2880 | D        | Received a gift from Trog
  2881 | D        | Noticed a stone giant
  2894 | D        | Reached skill level 15 in Armour
  2907 | D        | Noticed a stone giant
  2910 | D        | Killed a stone giant
  2910 | D        | Received a gift from Trog
  2915 | D        | Slain by a stone giant

Illustrated notes

Levels and vault maps discovered:
D:        linesprint [early_d, line_temple, items_1, d_10, items_2, lair_1,
          lair_end, items_3, orc_1, orc_end, items_4, d_15, swamp_1, shoals_1,
          snake_1, spider_1, d_20, vaults_1, items_5, swamp_end, shoals_end,
          snake_end, spider_end, vaults_end, d_27, items_6, zot_1, zot_end,
          crypt_end, forest_end, elf_end, slime_end, tomb_end, abyss_end,
          pan_hell_end]

Skill      XL: |  1  2  3  4  5  6  7  8  9 10 11 12 |
---------------+-------------------------------------+-----
Staves         | 4 6 8 12 14 17 18 20 22 23 | 23.8
Dodging        | 4 5 6 7 9 10 12 13 14 15 | 15.5
Fighting       | 3 4 6 7 8 10 12 15 19 20 | 20.9
Throwing       | 3 4 5 6 |  6.2
Armour         | 2 3 4 6 8 12 15 | 15.9

Action                   |  1- 3 |  4- 6 |  7- 9 | 10-12 || total
-------------------------+-------+-------+-------+-------++-------
Melee: Quarterstaff      |    19 |    22 |    50 |    72 ||   163
       Headbutt          |     3 |     2 |     9 |    48 ||    62
       Lajatang          |       |       |       |   142 ||   142
Throw: Throwing net      |     1 |       |       |       ||     1
Invok: Berserk           |       |       |     2 |     6 ||     8
       Brothers in Arms  |       |       |       |     3 ||     3
       Trog's Hand       |       |       |       |     1 ||     1
  Use: Potion            |     1 |     1 |       |     7 ||     9
       Scroll            |       |       |       |     2 ||     2
Armor: Leather armour    |     2 |     5 |     8 |    18 ||    33
       Plate armour      |       |       |       |    68 ||    68
Dodge: Dodged            |     9 |    10 |    28 |   104 ||   151
